 Dungeon Crawl Stone Soup version 0.17-a0-1719-g1afd5a1 (webtiles) character file.

42 kosy22 the Shield-Bearer (level 3, 0/26 HPs)
             Began as a Formicid Fighter on Aug 28, 2015.
             Slain by a gnoll
             ... wielding a +0 club
              (2 damage)
             ... on level 2 of the Dungeon.
             The game lasted 00:05:02 (1480 turns).

kosy22 the Shield-Bearer (Formicid Fighter)         Turns: 1480, Time: 00:05:02

Health: 0/26       AC:  7    Str: 23    XL:     3   Next: 80%
Magic:  3/3        EV:  8    Int:  7    God:
Gold:   41         SH:  9    Dex: 10    Spells: 0 memorised, 2 levels left

rFire  . . .     SeeInvis +     a - +0 rapier
rCold  . . .     Clarity  .     b - +0 scale mail
rNeg   . . .     SustAt   .     c - +0 shield
rPois  .         Gourm    .     (helmet unavailable)
rElec  .         Spirit   .     (no cloak)
rCorr  .         Warding  .     (no gloves)
rMut   .         Stasis   +     (no boots)
MR     .....                    (no amulet)
Stlth  ..........               (no ring)
                                (no ring)

@: not resistant to hostile enchantments, extremely unstealthy
A: permanent stasis, dig shafts and tunnels, four strong arms, antennae 3, frail
1, strong 1, subdued magic 1
a: Dig, Shaft Self


You were on level 2 of the Dungeon.
You were not hungry.

You visited 1 branch of the dungeon, and saw 2 of its levels.

You collected 41 gold pieces.

Inventory:

Hand weapons
 a - a +0 rapier (weapon)
Armour
 b - a +0 scale mail (worn)
 c - a +0 shield (worn)
Potions
 d - a potion of might
Comestibles
 e - a bread ration
 f - a meat ration


   Skills:
 + Level 3.5 Fighting
 + Level 2.0 Short Blades
 + Level 3.7 Armour
 + Level 1.1 Dodging
 + Level 4.3 Shields


You had 2 spell levels left.
You didn't know any spells.

Dungeon Overview and Level Annotations

Branches:
Dungeon (2/15)

Altars:


Innate Abilities, Weirdness & Mutations

You are under a permanent stasis effect.
You can dig through walls and to a lower floor.
Your four strong arms can wield two-handed weapons with a shield.
You have a pair of large antennae on your head (SInv).
You are frail (-10% HP).
Your muscles are strong. (Str +2)
Your spells are a little easier to cast, but a little less powerful.


Message History

The gnoll is moderately wounded.
You block the bat's attack. You block the gnoll's attack.
The goblin hits you with a dagger. The gnoll barely misses you.
The gnoll hits you with a club.
You hit the gnoll.
The gnoll is heavily wounded.
You block the bat's attack. The goblin hits you but does no damage.
The gnoll hits you but does no damage. You block the gnoll's attack.
The gnoll closely misses you.
You hit the gnoll but do no damage.
The gnoll is heavily wounded.
The bat hits you. The goblin hits you but does no damage. The gnoll hits you.
* * * LOW HITPOINT WARNING * * *
The gnoll barely misses you. You block the gnoll's attack.
You barely miss the gnoll.
The gnoll is heavily wounded.
You block the bat's attack. You block the gnoll's attack.
The goblin hits you but does no damage. The gnoll barely misses you.
The gnoll hits you with a club.
You die...

#.##.........>.#####
#.....####.#.<##
####..# #.#..# #..#
#...... #..#
####.#.# #######..#
#(#.# #.....#..# #.#
#
.#....g#g.#######.#
......g@gg.........
##.....##.####.#
#...b. ... ######
####


You could see 3 gnolls, 2 goblins and a bat.

Vanquished Creatures
  An adder (D:2)
  A worm (D:2)
  A giant gecko (D:1)
  A giant cockroach (D:2)
  3 hobgoblins
  5 bats
  5 giant newts
  5 goblins
  4 kobolds
  7 rats
33 creatures vanquished.

Notes
Turn   | Place    | Note
--------------------------------------------------------------
     0 | D:1      | kosy22 the Formicid Fighter began the quest for the Orb.
     0 | D:1      | Reached XP level 1. HP: 18/18 MP: 1/1
   114 | D:1      | Reached XP level 2. HP: 24/24 MP: 2/2
   927 | D:2      | Reached skill level 4 in Shields
   980 | D:2      | Reached XP level 3. HP: 15/29 MP: 3/3
   988 | D:2      | Gained mutation: You are frail (-10% HP). [potion of mutation]
   988 | D:2      | Gained mutation: Your spells are a little easier to cast, but a little less powerful. [potion of mutation]
   988 | D:2      | Gained mutation: Your muscles are strong. (Str +2) [potion of mutation]
  1049 | D:2      | HP: 1/26 [goblin/club (5)]
  1145 | D:2      | Reached skill level 1 in Dodging
  1480 | D:2      | Slain by a gnoll

Vault maps used:
D:1:      shiori_arrival_elements, hangedman_decor_growths
D:2:      ashenzari_altar_1

Action                   || total
-------------------------++-------
Melee: Rapier            ||   125
  Use: Potion            ||     2
  Eat: Meat ration       ||     1
